 Dungeon Crawl Stone Soup version 0.30-a0-879-ga8ba668304 (webtiles) character file.

Game seed: 4401952778916514805

13819 bande the Cleaver (level 12, -4/75 HPs)
             Began as a Gargoyle Fighter on Mar 12, 2023.
             Was a Believer of Okawaru.
             Slain by a red ugly thing (7 damage)
             ... in a volcano.
             The game lasted 00:23:10 (11925 turns).

bande the Cleaver (Gargoyle Fighter)               Turns: 11925, Time: 00:23:10

Health: -4/75      AC: 30    Str: 22    XL:     12   Next: 10%
Magic:  13/13      EV:  6    Int:  8    God:    Okawaru [**....]
Gold:   1572       SH:  6    Dex: 13    Spells: 11/11 levels left

rFire   + . .      SeeInvis .    w - +3 war axe (elec)
rCold   + . .      Faith    .    c - +0 buckler
rNeg    + . .      Spirit   .    C - +0 plate armour
rPois   ∞          Reflect  .    (no helmet)
rElec   +          Rampage  .    (no cloak)
rCorr   +                        r - +1 pair of gloves
Will    .....                    D - +0 pair of boots Stlth
                                 (no amulet)
HPRegen 0.32/turn                u - ring of flight
MPRegen 0.13/turn                A - +4 ring of protection

@: resistant, flying
A: sickness immunity, AC +8, negative energy resistance 1, electricity
resistance, torment resistance 1, petrification resistance
a: Renounce Religion, Heroism


You were in a volcano.
You worshipped Okawaru.
Okawaru was pleased with you.
You visited 3 branches of the dungeon, and saw 12 of its levels.
You also visited: Sewer and Volcano.

You collected 1572 gold pieces.

Inventory:

Hand Weapons
 a - a +0 war axe
 s - a +3 flail of holy wrath
 w - a +3 war axe of electrocution (weapon)
Missiles
 t - a throwing net (quivered)
Armour
 c - a +0 buckler (worn)
 h - an orb of light
 r - a +1 pair of gloves (worn)
 C - a +0 plate armour (worn)
 D - a +0 pair of boots (worn)
Jewellery
 l - a +6 ring of dexterity
 n - a +6 ring of strength
 q - a +5 ring of evasion
 u - a ring of flight (left hand)
 A - a +4 ring of protection (right hand)
 F - a ring of wizardry
 K - a ring of wizardry
Wands
 y - a wand of paralysis (15)
 E - a wand of quicksilver (12)
 I - a wand of mindburst (8)
 M - a wand of iceblast (5)
Scrolls
 e - 4 scrolls of enchant armour
 j - 2 scrolls of teleportation
 m - 5 scrolls of blinking
 x - 5 scrolls of enchant weapon
 G - 2 scrolls of fog
 H - a scroll of identify
 L - a scroll of fear
Potions
 b - 2 potions of brilliance
 d - 5 potions of might
 f - a potion of invisibility
 g - a potion of cancellation
 k - 3 potions of mutation
 o - a potion of resistance
 p - 2 potions of haste
 B - a potion of berserk rage


   Skills:
 + Level 8.9 Fighting
 + Level 12.1 Axes
 + Level 9.1 Armour
 + Level 7.5 Shields
 * Level 2.4 Invocations
 * Level 5.8 Evocations


You had 11 spell levels left.
You didn't know any spells.
Your spell library contained the following spells:

 Spells                   Type           Power      Damage    Failure   Level
 Shock                    Conj/Air       0%         1d3       100%        1
 Ensorcelled Hibernation  Hex/Ice        0%         N/A       100%        2
 Ignite Poison            Fire/Tmut/Pois 0%         N/A       100%        3
 Inner Flame              Hex/Fire       0%         N/A       100%        3
 Kindle Blastsparks       Fire/Tloc/Air  0%         2d10      100%        3
 Portal Projectile        Hex/Tloc       0%         N/A       100%        3
 Spider Form              Tmut/Pois      0%         N/A       100%        3
 Swiftness                Air            0%         N/A       100%        3
 Airstrike                Air            0%         2d(0-16)  100%        4
 Anguish                  Hex/Necr       0%         N/A       100%        4
 Cause Fear               Hex            0%         N/A       100%        4
 Dispel Undead            Necr           0%         3d6       100%        4
 Passage of Golubria      Tloc           0%         N/A       100%        4
 Petrify                  Tmut/Erth      0%         N/A       100%        4
 Blade Hands              Tmut           0%         N/A       100%        5
 Freezing Cloud           Conj/Ice/Air   0%         6-21      100%        5
 Metabolic Englaciation   Hex/Ice        0%         N/A       100%        5
 Yara's Violent Unravell  Hex/Tmut       0%         3d3       100%        5
 Iron Shot                Conj/Erth      0%         9d1       100%        6
 Discord                  Hex            0%         N/A       100%        8
 Cigotuvi's Dreadful Rot  Necr/Pois/Air  Unusable   N/A       N/A         2
 Tukima's Dance           Hex            Unusable   N/A       N/A         3
 Animate Armour           Summ/Erth      Unusable   N/A       N/A         4
 Death Channel            Necr           Unusable   N/A       N/A         6
 Statue Form              Tmut/Erth      Unusable   N/A       N/A         6

Dungeon Overview and Level Annotations

Branches:
Dungeon (10/15)            Temple (1/1) D:5            Lair (1/5) D:9
  Sewer (visited)         Volcano (1/1)
    Orc: D:9-12

Altars:
Ashenzari
Cheibriados
Dithmenos
Elyvilon
Fedhas
Gozag
Hepliaklqana
Kikubaaqudgha
Makhleb
Nemelex Xobeh
Okawaru
Qazlal
Ru
Sif Muna
Trog
Uskayaw
Vehumet
Wu Jian
Xom
Yredelemnul
Zin
The Shining One

Shops:
D:8 (

Annotations:
Volcano exclusion: obsidian statue


Innate Abilities, Weirdness & Mutations

You are immune to sickness and miasma.
Your stone body is resilient. (AC +8)
You are immune to poison.
You resist negative energy. (rN+)
You are resistant to electric shocks. (rElec)
You are resistant to unholy torment.
You are immune to petrification.


Message History

The obsidian statue's eyes glow briefly.
You hit the red ugly thing.
The red ugly thing is lightly wounded.
You are engulfed in blazing flames.
You resist. The red ugly thing tentacle-slaps you!
You are engulfed in flames!
You resist.
You hit the red ugly thing but do no damage.
The red ugly thing is lightly wounded.
You are engulfed in blazing flames.
You resist. The red ugly thing tentacle-slaps you!
* * * LOW HITPOINT WARNING * * *
You are engulfed in flames!
You resist.
* * * LOW HITPOINT WARNING * * *
You feel better.
You are engulfed in blazing flames.
You resist.
* * * LOW HITPOINT WARNING * * *
The obsidian statue's eyes glow briefly.
You block the red ugly thing's attack.
You are confused.
You feel invigorated.
You are engulfed in blazing flames.
You resist.
* * * LOW HITPOINT WARNING * * *
The red ugly thing tentacle-slaps you but does no damage.
You bump into the stone wall.
You are engulfed in blazing flames.
You resist.
The obsidian statue's eyes glow briefly.
The red ugly thing barely misses you.
You bump into the stone wall.
You are engulfed in blazing flames.
You resist.
* * * LOW HITPOINT WARNING * * *
The red ugly thing tentacle-slaps you but does no damage.
Unknown command.
You feel less invigorated.
You feel less confused.
You break out of your daze!
Unknown command.
The red ugly thing tentacle-slaps you.
* * * LOW HITPOINT WARNING * * *
You are engulfed in flames!
You resist.
* * * LOW HITPOINT WARNING * * *
The red ugly thing tentacle-slaps you but does no damage.
The red ugly thing attacks as you move away!
The red ugly thing tentacle-slaps you!
* * * LOW HITPOINT WARNING * * *
You are engulfed in flames!
You resist.
You die...

#####.##..#
#☼☼≈.####.#
####.≈≈≈#.# ##
#≈≈≈.####.# #####.
####.≈≈≈#.# #.#...
#≈≈≈.####.# ####.....
####.≈≈≈#.###8......≈
#≈≈≈.####.'........§§
####@≈≈≈#####8.....§≈
#≈≈≈u#### ###..§≈≈§
#####334# ##...§§≈
##58#####...≈≈≈≈
.##.#...≈≈§§§
##....≈≈≈≈≈§
#....≈§≈≈≈≈
#......≈≈§≈
###...§.≈≈§


You could see a red ugly thing and a sun demon (summoned).

Vanquished Creatures
  A hydra (D:10)
  A boulder beetle (D:9)
  A two-headed ogre (D:10)
  Nergalle (D:10)
  Pikel (D:5)
  A gargoyle (D:10)
  A troll (D:9)
  A hornet (D:10)
  3 slime creatures (D:9)
  A wraith (D:10)
  5 wyverns
  7 fire bats (Volcano)
  15 yaks
  A basilisk (D:9)
  A vampire mosquito (D:10)
  Edmund (D:5)
  A hell hound (Volcano)
  2 acid dragons
  Duvessa (D:5)
  7 water moccasins
  3 black bears
  2 orc warriors
  A sky beast (D:6)
  2 ice beasts
  An ogre (D:5)
  2 phantoms
  7 centaurs
  3 wolves
  3 kobold brigands
  3 lemures (D:5)
  6 bullfrogs
  2 gnoll sergeants
  2 scorpions
  3 wights (D:8)
  Dowan (D:5)
  5 howler monkeys
  An electric eel (D:7)
  5 lava snakes (Volcano)
  3 hounds (D:4)
  2 jellies
  A gnoll bouda (D:10)
  5 orc priests
  2 sleepcaps (D:6)
  Jessica (D:3)
  An iguana (D:9)
  11 orc wizards
  A mummy (D:6)
  4 gnolls (D:5)
  9 adders
  5 shadow imps
  3 white imps
  3 ufetubi
  A dart slug (D:4)
  36 orcs
  15 ball pythons
  12 endoplasms
  14 giant cockroaches
  6 goblins
  2 hobgoblins
  19 kobolds
  12 quokkas
  7 bats
  11 frilled lizards
  3 rats
294 creatures vanquished.

Vanquished Creatures (others)
  A human (D:10)
  A fungus (D:9)
  12 plants
  A withered plant (D:7)
15 creatures vanquished.

Grand Total: 309 creatures vanquished

Notes
Turn   | Place    | Note
-------+----------+-------------------------------------------
     0 | D:1      | bande the Gargoyle Fighter began the quest for the Orb.
     0 | D:1      | Reached XP level 1. HP: 14/14 MP: 1/1
   505 | D:1      | Reached XP level 2. HP: 16/19 MP: 2/2
  1142 | D:2      | Reached skill level 2 in Axes
  1263 | D:2      | Reached XP level 3. HP: 22/23 MP: 3/3
  1581 | D:3      | Noticed Jessica
  1595 | D:3      | Killed Jessica
  1596 | D:3      | Reached XP level 4. HP: 14/29 MP: 4/4
  2271 | D:4      | Reached skill level 3 in Axes
  2271 | D:4      | Reached XP level 5. HP: 30/33 MP: 5/5
  2301 | D:4      | Found a broken altar of Ashenzari.
  2378 | D:4      | Found a shimmering blue altar of Sif Muna.
  2411 | D:4      | Found a white marble altar of Elyvilon.
  2444 | D:4      | Reached skill level 4 in Axes
  2444 | D:4      | Reached XP level 6. HP: 22/38 MP: 6/6
  3220 | D:5      | Entered Level 5 of the Dungeon
  3245 | D:5      | Found a staircase to the Ecumenical Temple.
  3253 | Temple   | Entered the Ecumenical Temple
  3351 | D:5      | Reached skill level 5 in Axes
  3351 | D:5      | Reached XP level 7. HP: 29/43 MP: 7/7
  3417 | D:5      | Noticed Duvessa
  3417 | D:5      | Noticed Dowan
  3427 | D:5      | Killed Duvessa
  3428 | D:5      | Reached skill level 5 in Armour
  3438 | D:5      | Killed Dowan
  3652 | D:5      | Noticed Pikel
  3674 | D:5      | Killed Pikel
  3675 | D:5      | Reached skill level 6 in Axes
  3675 | D:5      | Reached XP level 8. HP: 16/48 MP: 8/8
  3849 | D:5      | Reached skill level 5 in Fighting
  3901 | D:5      | Found a glowing drain.
  3913 | Sewer    | Entered a sewer
  4218 | Sewer    | Reached skill level 5 in Shields
  4276 | Sewer    | Reached skill level 7 in Axes
  4599 | D:5      | Noticed Edmund
  4607 | D:5      | Killed Edmund
  4608 | D:5      | Reached XP level 9. HP: 46/54 MP: 9/9
  4712 | D:5      | Found a hide-covered altar of Uskayaw.
  5349 | D:6      | Reached skill level 8 in Axes
  5389 | D:6      | Found a snail-covered altar of Cheibriados.
  5860 | D:7      | Found a glowing golden altar of the Shining One.
  5867 | D:7      | Reached skill level 1 in Evocations
  5965 | D:7      | Found a hazy altar of Hepliaklqana.
  5968 | D:7      | Found a basalt altar of Yredelemnul.
  6236 | D:7      | Reached skill level 9 in Axes
  6733 | D:8      | Reached XP level 10. HP: 58/61 MP: 10/10
  6861 | D:8      | Found a shadowy altar of Dithmenos.
  7115 | D:8      | Found Bociuvve's Antique Weapon Shoppe.
  7588 | D:8      | Identified a scroll of acquirement
  7588 | D:8      | Acquired 994 gold pieces
  7676 | D:9      | Reached skill level 10 in Axes
  8083 | D:9      | Noticed a boulder beetle
  8097 | D:9      | Killed a boulder beetle
  8212 | D:9      | Reached XP level 11. HP: 60/68 MP: 11/11
  8266 | D:9      | Found a staircase to the Lair.
  8742 | D:9      | Reached skill level 11 in Axes
  9037 | D:10     | Entered Level 10 of the Dungeon
  9466 | D:10     | Reached skill level 5 in Evocations
  9522 | D:10     | Found an opulent altar of Gozag.
  9596 | D:10     | Found an ancient bone altar of Kikubaaqudgha.
  9744 | D:10     | Noticed Nergalle
  9754 | D:10     | Noticed a spectral orc warlord
  9771 | D:10     | Killed Nergalle
 10111 | D:10     | Noticed a two-headed ogre
 10121 | D:10     | Killed a two-headed ogre
 10374 | D:10     | Found a burning altar of Makhleb.
 10405 | D:10     | Found an iron altar of Okawaru.
 10412 | D:10     | Became a worshipper of Warmaster Okawaru
 10719 | D:10     | Reached skill level 1 in Invocations
 10772 | D:10     | Noticed a five-headed hydra
 10783 | D:10     | Killed a six-headed hydra
 10783 | D:10     | Reached * piety under Okawaru
 11015 | Lair:1   | Entered Level 1 of the Lair of Beasts
 11083 | Lair:1   | Found a dark tunnel.
 11093 | Volcano  | Entered a volcano
 11115 | Volcano  | Reached skill level 12 in Axes
 11125 | Volcano  | Reached XP level 12. HP: 58/75 MP: 13/13
 11913 | Volcano  | Reached ** piety under Okawaru
 11913 | Volcano  | Noticed a sun demon
 11925 | Volcano  | HP: 3/75 [red ugly thing (8)]
 11925 | Volcano  | Slain by a red ugly thing

Illustrated notes

Levels and vault maps discovered:
D:1:      minmay_arrival_five_plusses, layout_loops_ring, serial_forest,
          infiniplex_forest_clump_curved, infiniplex_forest_straight_3,
          infiniplex_forest_clump_medium, infiniplex_forest_clump_diagonal,
          infiniplex_forest_clump_small, infiniplex_forest_lined_corner,
          infiniplex_forest_diagonal, infiniplex_forest_clump_diagonal,
          infiniplex_forest_lined_room_3
D:2:      layout_rooms
D:3:      layout_basic, uniq_jessica
D:4:      layout_cave_pools, mainiacjoe_overflow_catwalk,
          mainiacjoe_overflow_brackets, tgw_sif, dk_noncrumbling_2
D:5:      layout_loops_corners, nicolae_uskayaw_murder_on_the_dancefloor,
          temple_green, portal_sewer_entry_f, uniq_pikel, uniq_edmund,
          uniq_duvessa
D:6:      layout_rooms, slow_altar_1
D:7:      layout_basic, mainiacjoe_overflow_paths, general_overflow_altar,
          yredelemnul_altar_generic, grunt_decor_junction,
          kennysheep_cluttered_room
D:8:      layout_basic, mainiacjoe_overflow_small_starburst, serial_shops,
          nicolae_shop_overgrown_old_shop, nicolae_straight_to_the_point
D:9:      layout_irregular_city, minmay_lair_entry_grove, minmay_microvault
D:10:     minmay_razor_zed, layout_loops_ring, mainiacjoe_overflow_two_lobes,
          tgw_kikubaaqudgha, grunt_gozag_breadcrumbs, serial_glass,
          glass_columns_b, glass_columns_c, feat_on_display,
          due_unseen_surprise, grunt_decor_resistance, kennysheep_just_a_vault,
          uniq_nergalle
Temple:   nicolae_temple_cloud_nine
Lair:1:   wad_woods_structure_01, layout_regular_city,
          lightli_volcano_entry_magma_tube, kennysheep_abandoned_house
Volcano:  volcano_grotto [vgs_trial_by_fire]

Skill      XL: |  1  2  3  4  5  6  7  8  9 10 11 12 |
---------------+-------------------------------------+-----
Axes           | 2 3 4 5 6 7 9 10 12 | 12.1
Armour         | 4 5 6 7 8 9 |  9.1
Fighting       | 4 5 6 7 8 |  8.9
Shields        | 4 5 6 7 |  7.5
Evocations     | 2 4 5 |  5.8
Invocations    | 1 2 |  2.4

Action                     |  1- 3 |  4- 6 |  7- 9 | 10-12 || total
---------------------------+-------+-------+-------+-------++-------
  Melee: War axe           |   110 |   152 |   435 |   366 ||  1063
         Flail             |       |       |       |     8 ||     8
    Use: Scroll            |       |    15 |     3 |     9 ||    27
         Potion            |       |     1 |     1 |     6 ||     8
 Armour: Chain mail        |    89 |   103 |   182 |       ||   374
         Plate armour      |       |       |    18 |   277 ||   295
  Dodge: Dodged            |    49 |    93 |   253 |   236 ||   631
  Block: Buckler           |    24 |    30 |   140 |   111 ||   305

Table legend: (Time is in decaauts)
 A = Elapsed time spent in this place.
 B = Non-inter-level travel time spent in this place.
 C = Inter-level travel time spent in this place.
 D = Time resting spent in this place.
 E = Time spent auto-exploring this place.
 F = Levels seen in this place.
 G = Mean time per level.
                   A        B        C        D        E       F      G
               +--------+--------+--------+--------+--------+-----+--------+
         Total |  12172 |  11971 |    201 |   2688 |   6488 |  14 |  869.4 |
       Dungeon |  10662 |  10461 |    201 |   2201 |   6041 |  10 | 1066.2 |
        Temple |     77 |     77 |      0 |      0 |     37 |   1 |   77.0 |
          Lair |     76 |     76 |      0 |      0 |      0 |   1 |   76.0 |
         Sewer |    529 |    529 |      0 |      0 |    236 |   1 |  529.0 |
       Volcano |    827 |    827 |      0 |    487 |    174 |   1 |  827.0 |
               +--------+--------+--------+--------+--------+-----+--------+

Top non-repeatable levels by time:
    D:10: 1917 daAuts
     D:5: 1648 daAuts
     D:8: 1359 daAuts
     D:9: 1088 daAuts
     D:4: 996 daAuts
     D:1: 973 daAuts
 Volcano: 827 daAuts
     D:7: 812 daAuts
     D:3: 770 daAuts
     D:2: 578 daAuts
   Sewer: 529 daAuts
     D:6: 517 daAuts
  Temple: 77 daAuts
  Lair:1: 76 daAuts
